Map: Nightshade LE

Players

redleaf - Winner!

  • Race: Protoss Protoss
  • League: Platinum
  • Spawn Location: 5:00

A.I. 1 (Medium)

  • Race: Terran Terran
  • Spawn Location: 11:00

VOD

Have the link to the VOD?

Description

Time

  • Played on: May 5, 2020, 1:03 a.m.
  • Length: 11:34
Show
View Real Time Build Order
Export as new Build Order

redleaf Protoss - Winner!

Build Orders: 1 Gate Expand, Archon Immortal 

Get SALT Encoding   

  12  0:01  Probe  
  13  0:13  Probe  
  14  0:24  Pylon  
  14  0:25  Probe  
  15  0:42  Probe  
  16  0:49  Gateway  
  16  0:54  Probe (Chrono Boost)  
  17  1:00  Assimilator  
  17  1:06  Probe (Chrono Boost)  
  18  1:13  Probe (Chrono Boost)  
  19  1:26  Nexus  
  19  1:32  Probe  
  20  1:49  Cybernetics Core  
  20  1:51  Probe  
  21  1:58  Pylon  
  21  2:03  Probe (Chrono Boost)  
  23  2:15  Probe (Chrono Boost)  
  23  2:21  Probe (Chrono Boost)  
  24  2:24  Warp Gate (Chrono Boost), Assimilator  
  24  2:28  Adept  
  26  2:33  Probe (Chrono Boost)  
  27  2:38  Pylon, Probe (Chrono Boost)  
  29  2:48  Probe (Chrono Boost)  
  29  2:49  Probe (Chrono Boost)  
  30  2:53  Probe (Chrono Boost)  
  30  2:56  Probe  
  32  3:02  Robotics Facility  
  32  3:07  Gateway  
  32  3:08  Gateway  
  32  3:10  Probe (Chrono Boost)  
  34  3:17  Adept, Probe (Chrono Boost)  
  37  3:20  Probe (Chrono Boost)  
  37  3:24  Probe (Chrono Boost)  
  37  3:25  Probe (Chrono Boost)  
  39  3:35  Probe  
  39  3:36  Assimilator, Probe  
  39  3:38  Assimilator  
  41  3:46  Twilight Council  
  41  3:48  Probe  
  42  3:49  Observer  
  42  3:52  Probe  
  44  3:58  Pylon  
  44  4:00  Probe  
  45  4:04  Probe  
  45  4:08  Sentry  
  45  4:09  Adept  
  50  4:12  Probe  
  50  4:16  Probe  
  52  4:18  Pylon  
  52  4:22  Observer  
  53  4:24  Probe  
  53  4:28  Probe  
  53  4:30  Pylon  
  55  4:36  Probe  
  55  4:38  Templar Archives  
  56  4:40  Probe  
  56  4:44  Adept x3  
  63  4:48  Probe  
  63  4:52  Probe  
  65  4:56  Forge  
  65  5:00  Probe  
  65  5:03  Gateway  
  65  5:04  Immortal (Chrono Boost), Gateway, Probe  
  71  5:12  Probe  
  72  5:18  Probe  
  73  5:22  High Templar x2  
  73  5:24  Pylon  
  73  5:25  Pylon  
  73  5:27  Archon  
  77  5:32  Probe  
  76  5:47  Nexus  
  76  5:48  High Templar  
  76  5:50  Protoss Ground Weapons Level 1 (Chrono Boost), Pylon  
  76  5:52  Probe  
  76  5:53  Probe  
  70  6:03  High Templar  
  70  6:04  High Templar  
  72  6:05  Zealot x2  
  76  6:13  Probe  
  76  6:14  Probe  
  76  6:15  Immortal  
  82  6:24  Gateway  
  82  6:25  Gateway  
  82  6:27  Gateway  
  82  6:28  Probe (Chrono Boost)  
  82  6:29  Gateway, Probe (Chrono Boost)  
  84  6:33  Gateway  
  86  6:40  Probe x2 (Chrono Boost)  
  86  6:45  Photon Cannon  
  86  6:51  Pylon  
  86  6:52  Assimilator, Shield Battery  
  86  6:53  Shield Battery  
  86  6:54  High Templar x3  
  86  6:58  Archon  
  86  7:00  Zealot  
  94  7:03  Charge (Chrono Boost)  
  94  7:06  Archon  
  94  7:11  Psionic Storm  
  94  7:13  Probe  
  94  7:15  Warp Prism (Chrono Boost)  
  97  7:32  Zealot x4  
  97  7:34  High Templar  
  97  7:35  Zealot x3  
  97  7:36  Zealot  
  115  7:37  Probe  
  116  7:45  Pylon  
  116  8:00  Pylon  
  116  8:03  Nexus  
  116  8:04  Immortal  
  116  8:05  Pylon  
  120  8:07  High Templar x2  
  120  8:08  Zealot x3  
  120  8:11  Archon  
  120  8:12  Archon  
  130  8:17  Probe x2  
  132  8:22  Shield Battery  
  132  8:27  Photon Cannon  
  132  8:28  Shield Battery  
  132  8:34  Assimilator  
  132  8:35  Assimilator  
  132  8:36  High Templar x2  
  132  8:38  Zealot x4  
  132  8:40  Pylon  
  144  8:41  Archon  
  144  8:46  Immortal  
  148  8:49  Probe  
  149  9:05  Resonating Glaives  
  149  9:16  High Templar, Pylon  
  151  9:17  High Templar  
  151  9:18  Zealot x5, Pylon  
  151  9:19  Zealot x2  
  151  9:20  Pylon  
  167  9:25  Pylon  
  167  9:28  Archon  
  166  9:42  Zealot  
  166  9:43  Zealot x5  
  166  9:44  Zealot  
  180  9:55  Assimilator  
  180  10:03  Zealot x3  
  186  10:09  Zealot x2  
  186  10:10  Zealot x4  
  186  10:53  Forge  
  186  10:55  High Templar x2  
  186  10:56  Photon Cannon, High Templar x5  
Show
View Real Time Build Order
Export as new Build Order

A.I. 1 (Medium) Terran 

Build Orders:  

Get SALT Encoding   

  12  0:00  SCV  
  13  0:13  SCV  
  14  0:18  Supply Depot  
  14  0:25  SCV  
  15  0:40  SCV  
  16  0:43  Barracks  
  16  0:47  Refinery  
  16  0:52  SCV  
  17  1:04  SCV  
  18  1:16  Supply Depot  
  18  1:30  Marine  
  18  1:32  Barracks, Orbital Command  
  19  1:42  Refinery  
  19  1:49  Barracks Tech Lab  
  19  2:07  Marine  
  20  2:13  Supply Depot  
  20  2:21  Marine  
  21  2:34  Marine  
  22  2:47  Supply Depot  
  22  2:48  Marine  
  23  2:54  SCV  
  24  3:01  Marine  
  25  3:07  SCV  
  25  3:08  Engineering Bay  
  26  3:15  Marine  
  26  3:19  SCV  
  28  3:29  Marauder  
  28  3:31  SCV  
  31  3:42  Marine  
  31  3:43  SCV  
  33  3:48  Supply Depot  
  33  3:55  SCV  
  34  3:56  Marauder  
  36  4:09  Marine  
  37  4:24  Marauder  
  39  4:45  Marauder  
  41  5:48  Marine  
  38  6:01  Marine  
  39  6:15  Marine  
  40  6:29  Marine  
  41  6:50  Barracks Tech Lab  
  41  6:51  Reaper  
  41  6:53  Factory  
  42  6:56  Factory  
  42  6:58  Missile Turret  
  42  6:59  Command Center  
  42  7:00  Missile Turret  
  42  7:05  Sensor Tower  
  42  7:08  Barracks  
  42  7:09  Marine  
  43  7:20  Bunker  
  41  7:23  Reaper  
  41  7:28  Marauder  
  29  7:38  Starport, Factory Tech Lab  
  29  7:42  Armory, Factory Tech Lab  
  29  7:49  Marine  
  30  7:55  Marauder, Barracks Reactor  
  32  8:06  Marine  
  32  8:11  SCV  
  34  8:14  SCV  
  34  8:17  Marauder  
  37  8:21  Starport Tech Lab, Refinery  
  37  8:23  SCV  
  37  8:24  Missile Turret  
  37  8:25  Marauder  
  37  8:26  SCV  
  41  8:31  Marine  
  41  8:33  Missile Turret  
  42  8:34  Refinery  
  42  8:35  SCV  
  42  8:38  SCV  
  42  8:40  Marine  
  45  8:42  Raven  
  45  8:47  SCV  
  48  8:50  SCV, Marine  
  48  8:54  Bunker  
  50  8:59  SCV, Marine  
  50  9:02  SCV  
  53  9:08  Marine  
  54  9:11  SCV  
  54  9:14  SCV  
  56  9:17  Marine  
  56  9:23  SCV  
  58  9:24  Raven  
  58  9:26  SCV  
  58  9:27  Marine  
  62  9:32  Supply Depot  
  62  9:35  SCV  
  63  9:38  SCV  
  64  9:48  SCV  
  64  9:50  SCV  
  66  10:00  SCV  
  67  10:18  SCV  
  67  10:21  SCV  
  63  10:26  Viking  
  59  10:30  SCV  
  59  10:34  Hellion  
  59  10:35  Bunker  
  35  10:41  Marauder  
  35  10:42  SCV  
  30  10:48  Hellion  
  32  10:54  SCV  
  32  10:55  Hellion  
  35  10:59  Sensor Tower  
  35  11:02  Viking  
  34  11:06  SCV  
  34  11:10  Hellion  
  20  11:18  SCV  
Tags
 
Add a new tag
Caveats
  • Supply blocks, unpowered buildings, or Contaminate may cause inaccurate times.
  • Supply counts are checked every 10 seconds.